 Dungeon Crawl Stone Soup version 0.32-a0-612-g1c984fe9d1 (webtiles) character file.

Game seed: 2771474734263833225

138 Maxmaps the Covered (level 5, 0/41 HPs)
             Began as a Demonspawn Monk on Mar 5, 2024.
             Slain by an ufetubus (1 damage)
             ... on level 5 of the Dungeon.
             The game lasted 00:02:49 (2177 turns).

Maxmaps the Covered (Demonspawn Monk)               Turns: 2177, Time: 00:02:50

Health: 0/41       AC:  6    Str: 11    XL:     5   Next: 1%
Magic:  5/5        EV: 11    Int: 12    God:
Gold:   81         SH:  0    Dex: 16    Spells: 4/4 levels left

rFire   + .          .
                       - Unarmed
rCold   . . .        c - orb {light}
rNeg    . . .        j - +1 ring mail {rF+}
rPois   .            (helmet restricted)
rElec   .            (no cloak)
rCorr   .            (no gloves)
SInv    .            (no boots)
Will    .....        (no amulet)
Stlth   +            (no ring)
HPRegen 0.26/turn    (no ring)
MPRegen 0.09/turn

%: no passive effects
@: glowing
A: horns 1, powered by pain 1
a: no special abilities


You were on level 5 of the Dungeon.
You visited 1 branch of the dungeon, and saw 4 of its levels.

You collected 81 gold pieces.

Inventory:

Hand Weapons
 f - a +4 hand axe
Missiles
 h - a throwing net (quivered)
Armour
 c - an orb of light (worn)
 j - a +1 ring mail of fire resistance (worn)
Wands
 k - a wand of paralysis (9)
Scrolls
 g - a scroll of fear
Potions
 a - a potion of attraction
 b - a potion of ambrosia
 d - a potion of haste
 e - 2 potions of heal wounds
 i - a potion of curing {unknown}
 l - 2 potions of might


   Skills:
 - Level 3.0 Fighting
 + Level 3.5 Armour
 - Level 3.0 Dodging
 - Level 3.2 Unarmed Combat


You had 4 spell levels left.
You didn't know any spells.
Your spell library contained the following spells:

 Spells                   Type           Power      Damage    Failure   Level
 Freeze                   Ice            0%         1d3       58%         1
 Summon Small Mammal      Summ           0%         N/A       58%         1
 Call Canine Familiar     Summ           0%         N/A       92%         3
 Frozen Ramparts          Ice            0%         1d1       92%         3
 Hailstorm                Conj/Ice       0%         3d5       92%         3
 Summon Blazeheart Golem  Fire/Summ      0%         N/A       100%        4


Dungeon Overview and Level Annotations

Branches:
Dungeon (3/15)

Altars:

Shops:
D:3 *


Innate Abilities, Weirdness & Mutations

You have a pair of small horns on your head.
You sometimes gain a little power by taking damage.


Message History

You feel sick.
You feel sick.
You are no longer poisoned.
The ufetubus hits you but does no damage. x2
You hit the ufetubus.
The ufetubus is moderately wounded.
The ufetubus hits you.
* * * LOW HITPOINT WARNING * * *
The ufetubus barely misses you.
The ufetubus hits you but does no damage.
The ufetubus barely misses you. The ufetubus hits you.
* * * LOW HITPOINT WARNING * * *
The ufetubus hits you but does no damage.
You hit the ufetubus. You headbutt the ufetubus.
You kill the ufetubus!
The ufetubus hits you but does no damage.
The ufetubus closely misses you.
You have reached level 5!
The ufetubus hits you.
* * * LOW HITPOINT WARNING * * *
The ufetubus barely misses you. The ufetubus closely misses you.
The ufetubus hits you but does no damage.
The ufetubus closely misses you.
The ufetubus hits you but does no damage.
You see here an adder corpse.
Unknown command.
The ufetubus misses you.
The ufetubus hits you but does no damage.
The ufetubus closely misses you.
The ufetubus hits you but does no damage.
You barely miss the ufetubus.
The ufetubus is moderately wounded.
The ufetubus hits you.
* * * LOW HITPOINT WARNING * * *
The ufetubus closely misses you.
You closely miss the ufetubus.
The ufetubus is moderately wounded.
The ufetubus hits you but does no damage.
The ufetubus hits you.
You die...

#. #. .#
#.##.##..#
.....#..###.
..........
#...#...#
#..(....#
#.......#
#.....#.#
#.#@5...# #
#†###### .#
#.#......####.
.##
#................
###......####...
.........##.##.#
##.......)..#.#
#...........#
#..........#.#


You could see an ufetubus.

Vanquished Creatures
  A jelly (D:5)
  An orc wizard (D:3)
  2 adders
  An ufetubus (D:5)
  2 dart slugs
  A ribbon worm (D:2)
  2 orcs (D:3)
  5 endoplasms
  2 giant cockroaches
  2 goblins (D:1)
  5 hobgoblins
  11 jackals
  4 kobolds
  A quokka (D:2)
  A ball python (D:1)
  2 bats
  A frilled lizard (D:3)
  6 rats
50 creatures vanquished.

Notes
Turn   | Place    | Note
-------+----------+-------------------------------------------
     0 | D:1      | Maxmaps the Demonspawn Monk began the quest for the Orb.
     0 | D:1      | Reached XP level 1. HP: 18/18 MP: 1/1
   247 | D:1      | Gained mutation: You have a pair of small horns on your
                  | head. [demonic ancestry]
   247 | D:1      | Reached XP level 2. HP: 23/24 MP: 2/2
   780 | D:1      | Reached skill level 1 in Armour
   941 | D:1      | Gained mutation: You sometimes gain a little power by
                  | taking damage. [demonic ancestry]
   941 | D:1      | Reached XP level 3. HP: 29/29 MP: 3/3
  1990 | D:3      | Reached XP level 4. HP: 25/35 MP: 4/4
  2109 | D:3      | Found Paxiorai's Assorted Antiques.
  2150 | D:3      | You fall into a shaft and drop 2 floors!
  2150 | D:5      | Entered Level 5 of the Dungeon
  2173 | D:5      | Reached XP level 5. HP: 3/41 MP: 5/5
  2173 | D:5      | HP: 2/41 [ufetubus (1)]
  2177 | D:5      | Slain by an ufetubus

Illustrated notes

Levels and vault maps discovered:
D:1:      saegor_arrival_miasma, layout_loops_corners, minmay_hedge_maze,
          kennysheep_minor_cross
D:2:      layout_basic, due_unseen_surprise
D:3:      layout_loops_corners, serial_shops, shop, gup_sewer_entry_spiral,
          chequers_serial_rivers_micro_b, hangedman_decor_push
D:5:      layout_basic, lemuel_crystal_altar, gammafunk_temple_overflow_pools,
          minmay_temple_entry_fiery, hex_intersection, uniq_ijyb

Skill      XL: |  1  2  3  4 |
---------------+-------------+-----
Unarmed Combat | 3 |  3.2
Dodging        | 3 |  3.0
Armour         | 1 2 3 |  3.5
Fighting       | |  3.0

Action                     |  1- 3 |  4- 6 || total
---------------------------+-------+-------++-------
  Melee: Unarmed           |   129 |    24 ||   153
         Headbutt          |    22 |     6 ||    28
    Use: Scroll            |     5 |     1 ||     6
 Armour: Robe              |    10 |       ||    10
         Ring mail         |    60 |    36 ||    96
         Scale mail        |     6 |       ||     6
  Dodge: Dodged            |    59 |    22 ||    81

Table legend: (Time is in decaauts)
 A = Elapsed time spent in this place.
 B = Non-inter-level travel time spent in this place.
 C = Inter-level travel time spent in this place.
 D = Time resting spent in this place.
 E = Time spent auto-exploring this place.
 F = Levels seen in this place.
 G = Mean time per level.
                   A        B        C        D        E       F      G
               +--------+--------+--------+--------+--------+-----+--------+
         Total |   2167 |   2058 |    109 |     45 |   1626 |   4 |  541.8 |
       Dungeon |   2167 |   2058 |    109 |     45 |   1626 |   4 |  541.8 |
               +--------+--------+--------+--------+--------+-----+--------+

Top non-repeatable levels by time:
     D:1: 1022 daAuts
     D:2: 763 daAuts
     D:3: 355 daAuts
     D:5: 26 daAuts
